 Dungeon Crawl Stone Soup version 0.31-a0-1161-g593ecc88b7 (webtiles) character file.

Game seed: 9110204203393734089

739 Dirtsage the Changeling (level 7, -3/43 HPs)
             Began as an Octopode Shapeshifter on Dec 8, 2023.
             Slain by Duvessa
             ... wielding a +1 short sword of speed
              (18 damage)
             ... on level 4 of the Dungeon.
             The game lasted 00:08:56 (3759 turns).

Dirtsage the Changeling (Octopode Shapeshifter)     Turns: 3759, Time: 00:08:57

Health: -3/43      AC:  1    Str: 13    XL:     7   Next: 75%
Magic:  7/7        EV: 13    Int: 13    God:
Gold:   214        SH:  0    Dex: 13    Spells: 6/6 levels left

rFire   . . .        l - +8 trident of the Octopus King {venom, rElec rPois}
rCold   . . .        (no shield)
rNeg    . . .        (helmet currently unavailable)
rPois   +            (no amulet)
rElec   +            q - +4 ring of slaying
rCorr   .            (no ring)
SInv    .            (no ring)
Will    .....        (no ring)
Stlth   ++           (no ring)
HPRegen 0.27/turn    (no ring)
MPRegen 0.10/turn    (no ring)
                     (no ring)

%: no passive effects
@: lethally poisoned (-3 -> -9), beast-form
A: beast (slay +4), almost no armour, amphibious, 8 rings, camouflage 1,
gelatinous body 1, (nimble swimmer 1), tentacles
a: Begin Untransformation


You were on level 4 of the Dungeon.
You were a hulking beast.
You visited 1 branch of the dungeon, and saw 4 of its levels.
You also visited: Sewer.

You collected 214 gold pieces.

Inventory:

Hand Weapons
 l - the +8 trident of the Octopus King (weapon) {venom, rElec rPois}
   (You found it on level 3 of the Dungeon)

   rElec:     It insulates you from electricity.
   rPois:     It protects you from poison
Jewellery
 q - a +4 ring of slaying (left tentacle)
Talismans
 b - a beast talisman
 c - a flux talisman
 o - a dragon-blood talisman
Wands
 p - a wand of charming (2)
Scrolls
 f - a scroll of poison {unknown}
 g - 2 scrolls of fear {unknown}
 h - 2 scrolls of revelation
 k - 3 scrolls of amnesia
 n - a scroll of enchant armour
 r - 2 scrolls of teleportation {unknown}
 t - a scroll of butterflies {unknown}
Potions
 a - a potion of berserk rage
 d - 3 potions of curing {unknown}
 e - 2 potions of brilliance {unknown}
 i - a potion of haste {unknown}
 j - a potion of degeneration
 m - a potion of experience {unknown}
 s - 2 potions of might {unknown}


   Skills:
 - Level 1.0 Fighting
 + Level 4.4 Polearms
 - Level 2.0 Dodging
 - Level 3.0 Unarmed Combat
 - Level 7.0 Shapeshifting


You had 6 spell levels left.
You didn't know any spells.
Your spell library contained the following spells:

 Spells                   Type           Power      Damage    Failure   Level
 Summon Small Mammal      Summ           0%         N/A       30%         1
 Call Canine Familiar     Summ           0%         N/A       67%         3
 Summon Guardian Golem    Hex/Summ       0%         N/A       67%         3


Dungeon Overview and Level Annotations

Branches:
Dungeon (4/15)              Sewer (visited)
 Temple: D:4-7

Altars:
Zin

Shops:
D:2 :   D:3 [

Annotations:
D:4 1 runed translucent door, Crazy Yiuf, Duvessa


Innate Abilities, Weirdness & Mutations

You are a hulking beast.
Your limbs bulge with bestial killing power. (Slay +4)
You cannot wear most types of armour.
You are amphibious.
You can wear up to eight rings at the same time.
Your skin changes colour to match your surroundings (Stealth+).
Your rubbery body absorbs attacks. (AC +1, EV +1)
((You are camouflaged when in or above water. (Stealth+)))
You have tentacles for arms and can constrict up to eight enemies at once.


Message History

The adder hisses angrily.
You hear a shout!
You puncture the adder!
You kill the adder!
The kobold throws a stone.
The stone barely misses you.
You see here a potion of heal wounds.
You reach to attack!
You puncture the kobold!
You kill the kobold!
You see here a potion of heal wounds.
You see here a potion of heal wounds.
You reach to attack!
The helpless Dowan fails to defend himself.
You hit Dowan.
Dowan is poisoned.
Dowan is moderately wounded.
Dowan casts a spell at you. You resist with some effort.
Duvessa shouts!
Dowan hits you with a +1 dagger of venom.
You are poisoned.
You take 3 damage, and have 40/43 hp.
Reach: l) +8 trident of the Octopus King {venom, rElec rPois}
Press: ? - help, Dir - move target, f - Duvessa, p - Dowan
Aim: Duvessa, wielding a +1 short sword of speed and wearing a +0 leather armour (about 24% to evade the +8 trident of the Octopus King)
Okay, then.
Okay, then.
Reach: l) +8 trident of the Octopus King {venom, rElec rPois}
Press: ? - help, Dir - move target, f - Duvessa, p - Dowan
Aim: Duvessa, wielding a +1 short sword of speed and wearing a +0 leather armour (about 24% to evade the +8 trident of the Octopus King) Dowan is in the way.
You puncture Dowan!
You kill Dowan!
Duvessa weeps, and shakes her weapon.
Duvessa goes berserk!
You feel very sick.
You take 3 damage, and have 37/43 hp.
You hit Duvessa.
Duvessa is poisoned.
You grab Duvessa.
Duvessa is lightly wounded.
You constrict Duvessa.
You feel sick.
Duvessa hits you with a +1 short sword of speed.
Duvessa hits you with a +1 short sword of speed!
Duvessa hits you with a +1 short sword of speed!!
You die...

#.#.# #####.###... # #.#.#
#........... ......#
#####.........## .....#
###.............## ......
..#.###.........##
#.....###.#.#######..#####
#.........#......###.# #
#.......fe#......# #.## #
......##h#......# #..####
..... #.........# ##.....
..[...#...!.....# #......
.......<........# #......
#.....?...).....# #......
#...........##### ######.
#.............. #.
#.............. #.
#######(....... #.


You could see Duvessa (berserk, very poisoned) and a sleepcap.

Vanquished Creatures
  Eustachio (D:4)
  A crocodile (Sewer)
  A brain worm (Sewer)
  Dowan (D:4)
  2 orc priests (D:2)
  A hound (D:2)
  A sleepcap (D:4)
  Natasha (thrice) (D:4)
  An orc wizard (D:2)
  4 gnolls (D:3)
  6 adders
  5 worms
  2 dart slugs (D:1)
  6 orcs
  9 ball pythons
  3 endoplasms (D:2)
  8 giant cockroaches
  6 goblins
  7 hobgoblins
  4 jackals
  4 quokkas
  12 bats
  2 frilled lizards (D:3)
  4 kobolds
  11 rats
105 creatures vanquished.

Notes
Turn   | Place    | Note
-------+----------+-------------------------------------------
     0 | D:1      | Dirtsage the Octopode Shapeshifter began the quest for the
                  | Orb.
     0 | D:1      | Reached XP level 1. HP: 13/13 MP: 1/1
   196 | D:1      | Found a faded altar of an unknown god.
   289 | D:1      | Reached XP level 2. HP: 18/18 MP: 2/2
   936 | D:2      | Reached XP level 3. HP: 11/23 MP: 3/3
   940 | D:2      | Reached skill level 4 in Shapeshifting
  1080 | D:2      | You fall into a shaft and drop 2 floors!
  1127 | D:4      | Noticed Natasha
  1137 | D:4      | Killed Natasha
  1187 | D:4      | Reached XP level 4. HP: 28/28 MP: 4/4
  1288 | D:4      | Noticed Dowan
  1360 | D:3      | Reached skill level 5 in Shapeshifting
  1369 | D:3      | Reached XP level 5. HP: 8/33 MP: 5/5
  1375 | D:3      | HP: 1/33 [gnoll/+0 halberd (10)]
  1470 | D:3      | Found the +8 trident of the Octopus King {venom, rElec
                  | rPois}
  1610 | D:3      | Found a glowing drain.
  1616 | Sewer    | Entered a sewer
  1647 | Sewer    | Reached skill level 1 in Polearms
  1752 | Sewer    | Noticed a crocodile
  1760 | Sewer    | Killed a crocodile
  1761 | Sewer    | Reached XP level 6. HP: 38/38 MP: 6/6
  1946 | D:3      | Found Ibress's Armour Shoppe.
  2342 | D:4      | Noticed Duvessa
  2354 | D:2      | Found a glowing silver altar of Zin.
  2397 | D:2      | Found Mituf's Vocational Training.
  2593 | D:2      | Reached skill level 6 in Shapeshifting
  3005 | D:2      | Reached XP level 7. HP: 43/43 MP: 7/7
  3486 | D:4      | Found a runed translucent door.
  3487 | D:4      | Noticed Crazy Yiuf
  3590 | D:4      | Noticed Eustachio
  3591 | D:4      | Noticed Natasha
  3599 | D:4      | Killed Eustachio
  3602 | D:4      | Killed Natasha
  3607 | D:4      | Noticed Natasha
  3610 | D:4      | Killed Natasha
  3611 | D:4      | Reached skill level 7 in Shapeshifting
  3758 | D:4      | Killed Dowan
  3759 | D:4      | Slain by Duvessa

Illustrated notes

Levels and vault maps discovered:
D:1:      scummos_arrival_forest, layout_basic, basic_ecumenical_altar
D:2:      layout_rooms, basic_altar, serial_co_window_serial, co_window_cross_1,
          co_window_corner_a, co_window_of_opportunity_a, co_window_paths_b,
          co_window_corner_a, co_window_paths_a, co_window_paths_a,
          co_window_cross_1, co_window_paths_a, co_window_corner_b,
          co_window_of_opportunity_b, co_window_2corner, co_window_corner_cb,
          co_window_broadway_c, co_window_2corner, co_window_4corner_a,
          glass_columns_a, glass_columns_a, nicolae_shop_vocational
D:3:      layout_loops_ring, serial_shops, shop, portal_sewer_entry_e,
          supply_closet_lemuel
D:4:      layout_basic, nicolae_nh_ransacked_shop, uniq_eustachio, uniq_natasha,
          uniq_duvessa, uniq_crazy_yiuf_cottage

Skill      XL: |  1  2  3  4  5  6  7 |
---------------+----------------------+-----
Shapeshifting  | 4 5 6 7 |  7.0
Polearms       | 2 3 4 |  4.4
Fighting       | |  1.0
Dodging        | |  2.0
Unarmed Combat | |  3.0

Action                     |  1- 3 |  4- 6 |  7- 9 || total
---------------------------+-------+-------+-------++-------
  Melee: Unarmed           |    54 |    31 |       ||    85
         Constrict         |    14 |    21 |     4 ||    39
         Tentacles         |     5 |    15 |     2 ||    22
         Punch             |     2 |       |       ||     2
         Trident           |       |    81 |    20 ||   101
    Use: Potion            |       |     4 |       ||     4
         Scroll            |       |     3 |       ||     3
   Stab: Sleeping          |     3 |     4 |     5 ||    12
 Armour: Skin              |    14 |    47 |    11 ||    72
  Dodge: Dodged            |    24 |    61 |     5 ||    90

Table legend: (Time is in decaauts)
 A = Elapsed time spent in this place.
 B = Non-inter-level travel time spent in this place.
 C = Inter-level travel time spent in this place.
 D = Time resting spent in this place.
 E = Time spent auto-exploring this place.
 F = Levels seen in this place.
 G = Mean time per level.
                   A        B        C        D        E       F      G
               +--------+--------+--------+--------+--------+-----+--------+
         Total |   3775 |   3565 |    210 |     57 |   2583 |   5 |  755.0 |
       Dungeon |   3549 |   3339 |    210 |     27 |   2480 |   4 |  887.2 |
         Sewer |    225 |    225 |      0 |     30 |    103 |   1 |  225.0 |
               +--------+--------+--------+--------+--------+-----+--------+

Top non-repeatable levels by time:
     D:2: 1091 daAuts
     D:3: 932 daAuts
     D:1: 913 daAuts
     D:4: 612 daAuts
   Sewer: 225 daAuts
